 Dungeon Crawl Stone Soup version 0.30-a0-830-gfe289a77b0 (webtiles) character file.

Game seed: 15601350202332724003

5173 MachoJfn the Unseen (level 10, -15/59 HPs)
             Began as a Kobold Brigand on Feb 27, 2023.
             Was a Follower of Dithmenos.
             Killed by divine providence
             ... invoked by an orc priest
              (17 damage)
             ... on level 9 of the Dungeon on Feb 28, 2023.
             The game lasted 00:29:29 (9644 turns).

MachoJfn the Unseen (Kobold Brigand)                Turns: 9644, Time: 00:29:30

Health: -15/59     AC: 12    Str: 16    XL:     10   Next: 90%
Magic:  10/10      EV: 18    Int: 12    God:    Dithmenos [*.....]
Gold:   324        SH:  0    Dex: 20    Spells: 9/9 levels left

rFire   . . .      SeeInvis .    a - +4 dagger (spect)
rCold   . . .      Faith    .    (no shield)
rNeg    . . .      Spirit   .    s - +0 leather armour
rPois   .          Reflect  .    D - +2 hat
rElec   .          Harm     .    c - +2 cloak
rCorr   .          Rampage  .    (no gloves)
Will    .....                    (no boots)
Stlth   +++++++++                (no amulet)
HPRegen 0.29/turn                o - +4 ring of protection
MPRegen 0.12/turn                m - +6 ring of strength

@: hasted, wreathed by umbra, studying Long Blades, very quick
A: small, no large weapons, nightstalker 3
a: Renounce Religion


You were on level 9 of the Dungeon.
You worshipped Dithmenos.
Dithmenos was aware of your devotion.
You visited 2 branches of the dungeon, and saw 10 of its levels.
You also visited: Sewer.

You collected 324 gold pieces.

Inventory:

Hand Weapons
 a - a +4 spectral dagger (weapon)
Missiles
 b - 5 atropa-tipped darts
 d - 30 poisoned darts (quivered)
 e - 3 curare-tipped darts
 x - a throwing net
Armour
 c - a +2 cloak (worn)
 s - a +0 leather armour (worn)
 D - a +2 hat (worn)
Jewellery
 f - a +6 ring of intelligence
 m - a +6 ring of strength (right hand)
 o - a +4 ring of protection (left hand)
 F - a ring of willpower
Wands
 t - a wand of quicksilver (8)
 v - a wand of flame (21)
Scrolls
 g - 6 scrolls of teleportation
 h - 3 scrolls of identify
 n - 2 scrolls of amnesia
 p - 2 scrolls of fog
 q - 2 scrolls of poison
 r - a scroll of summoning
 w - 2 scrolls of vulnerability
 y - 2 scrolls of fear
 B - a scroll of brand weapon
 C - a scroll of blinking
 E - a scroll of noise
 G - a scroll of enchant armour
Potions
 j - a potion of magic
 k - 6 potions of curing
 l - 2 potions of haste
 u - 2 potions of attraction
 z - a potion of mutation
 A - 2 potions of might
 H - a potion of flight {unknown}


   Skills:
 + Level 5.0 Fighting
 + Level 8.9 Short Blades
 + Level 0.5 Maces & Flails
 + Level 2.4 Throwing
 + Level 3.5 Armour
 + Level 5.9 Dodging
 + Level 16.6 Stealth


You had 9 spell levels left.
You didn't know any spells.
Your spell library contained the following spells:

 Spells                   Type           Power      Damage    Failure   Level
 Blink                    Tloc           0%         N/A       52%         2
 Lesser Beckoning         Tloc           0%         N/A       52%         2
 Momentum Strike          Conj/Tloc      0%         3d8       52%         2
 Sublimation of Blood     Necr           0%         N/A       52%         2
 Wereblood                Tmut           0%         N/A       52%         2
 Hailstorm                Conj/Ice       0%         3d3       75%         3
 Kindle Blastsparks       Fire/Tloc/Air  0%         2d10      75%         3
 Fulminant Prism          Conj/Hex       0%         3d5       98%         4
 Ice Form                 Ice/Tmut       0%         N/A       98%         4
 Iskenderun's Mystic Bla  Conj/Tloc      0%         2d3       98%         4
 Alistair's Intoxication  Tmut/Pois      0%         N/A       100%        5
 Borgnjor's Vile Clutch   Necr/Erth      0%         N/A       100%        5
 Lee's Rapid Deconstruct  Erth           0%         3d4*      100%        5
 Eringya's Noxious Bog    Tmut/Pois      0%         N/A       100%        6
 Simulacrum               Ice/Necr       0%         N/A       100%        6
 Summon Hydra             Summ           0%         N/A       100%        7


Dungeon Overview and Level Annotations

Branches:
Dungeon (9/15)             Temple (1/1) D:7            Lair (0/5) D:9
  Sewer (visited)
    Orc: D:9-12

Altars:
Dithmenos
Elyvilon
Hepliaklqana
Nemelex Xobeh
Okawaru
Qazlal
Ru
Sif Muna
Yredelemnul
Zin

Shops:
D:6 (

Annotations:
D:8 2 transporters


Innate Abilities, Weirdness & Mutations

You are small and have problems with some larger weapons.
You are completely attuned to the shadows.


Message History

The wraith is moderately damaged.
Your +4 spectral dagger hits the wraith.
The warg closely misses you.
You barely miss the wraith.
The wraith is heavily damaged.
Your +4 spectral dagger hits the wraith.
The warg misses you.
The orc priest looks braver for a moment.
The orc priest completely misses you. The orc priest misses you.
The wraith hits your +4 spectral dagger!
Your spectral weapon shares its damage with you!
The wraith drains your +4 spectral dagger's vigour!
Your +4 spectral dagger seems to slow down.
The orc misses you.
You hit the wraith but do no damage.
The wraith is heavily damaged.
Your +4 spectral dagger closely misses the wraith.
The warg closely misses you.
You closely miss the wraith.
The wraith is heavily damaged.
Your +4 spectral dagger misses the wraith.
The orc priest calls down the wrath of Beogh upon you.
Beogh smites you!
* * * LOW HITPOINT WARNING * * *
The wraith hits you but does no damage.
You swap places.
The wraith barely misses you.
The orc priest mumbles some strange prayers to Beogh against you.
Pain shoots through your body!
* * * LOW HITPOINT WARNING * * *
The warg barely misses you.
You feel yourself speed up. The warg misses you.
The orc priest hits you but does no damage.
The orc priest casts a cantrip, but nothing happens.
The wraith misses you.
The orc priest calls down the wrath of Beogh upon you.
Beogh smites you!
* * * LOW HITPOINT WARNING * * *
The orc priest invokes the aid of Beogh against you.
Beogh smites you!
You die...

?....>...
.........
....o...P
#.ooo....
.####Who..#
.....hoo...
..#..#@#....
.....#.##...
.......# ..~
........# ~.
......###
#..#..##
......†#
#.....##
......#


You could see a wraith, 2 wargs, an orc warrior, 4 orc priests and 2 orcs.

Vanquished Creatures
  Pikel (D:4)
  A hornet (D:8)
  4 yaks (D:9)
  Menkaure (D:5)
  Edmund (D:5)
  Duvessa (D:5)
  A water moccasin (D:5)
  3 orc warriors
  An ice beast (D:7)
  A black bear (D:6)
  2 sky beasts
  3 ogres
  5 centaurs
  3 lemures (D:4)
  2 phantoms (D:4)
  2 kobold brigands (Sewer)
  A bullfrog (D:7)
  Blork the orc (D:5)
  2 scorpions (D:5)
  3 necrophages
  2 gnoll sergeants (D:8)
  4 wights (D:8)
  Dowan (D:5)
  3 howler monkeys (D:8)
  2 hounds (D:5)
  2 orc priests (D:6)
  A jelly (D:7)
  Jessica (D:3)
  A gnoll bouda (D:7)
  10 orc wizards
  Terence (D:3)
  2 iguanas (D:5)
  25 gnolls
  3 adders
  A shadow imp (D:5)
  3 worms
  5 dart slugs
  24 orcs
  6 endoplasms
  4 giant cockroaches
  6 goblins
  5 hobgoblins
  5 jackals
  16 kobolds
  4 quokkas
  7 ball pythons
  9 bats
  5 frilled lizards
  7 rats
204 creatures vanquished.

Vanquished Creatures (others)
  A fungus (Sewer)
1 creature vanquished.

Grand Total: 205 creatures vanquished

Notes
Turn   | Place    | Note
-------+----------+-------------------------------------------
     0 | D:1      | MachoJfn the Kobold Brigand began the quest for the Orb.
     0 | D:1      | Reached XP level 1. HP: 12/12 MP: 1/1
    23 | D:1      | Reached skill level 6 in Stealth
    23 | D:1      | Reached XP level 2. HP: 17/17 MP: 2/2
   131 | D:1      | Upgraded the game from 0.30-a0-824-g6c64550be9 to
                  | 0.30-a0-830-gfe289a77b0
   411 | D:1      | Reached XP level 3. HP: 22/22 MP: 3/3
  1776 | D:3      | Noticed Terence
  1789 | D:3      | Killed Terence
  1790 | D:3      | Reached skill level 7 in Stealth
  1790 | D:3      | Reached XP level 4. HP: 18/27 MP: 4/4
  2350 | D:3      | Found a glowing drain.
  2360 | Sewer    | Entered a sewer
  2394 | Sewer    | Reached XP level 5. HP: 31/31 MP: 5/5
  2513 | Sewer    | Noticed a kobold brigand
  2522 | Sewer    | Killed a kobold brigand
  2523 | Sewer    | Reached skill level 8 in Stealth
  2796 | Sewer    | Reached XP level 6. HP: 36/36 MP: 6/6
  3181 | D:3      | Noticed Jessica
  3185 | D:3      | Killed Jessica
  3186 | D:3      | Reached skill level 9 in Stealth
  3537 | D:4      | Noticed Pikel
  3547 | D:4      | Killed Pikel
  3548 | D:4      | Reached skill level 5 in Short Blades
  3548 | D:4      | Reached skill level 11 in Stealth
  3548 | D:4      | Reached XP level 7. HP: 41/41 MP: 7/7
  3548 | D:4      | Reached XP level 8. HP: 46/46 MP: 8/8
  3821 | D:4      | Found a shimmering blue altar of Sif Muna.
  4082 | D:4      | Reached skill level 1 in Armour
  4082 | D:4      | Reached skill level 12 in Stealth
  4121 | D:4      | You fall into a shaft and drop 1 floor!
  4121 | D:5      | Entered Level 5 of the Dungeon
  4178 | D:5      | Noticed Edmund
  4181 | D:5      | Killed Edmund
  4182 | D:5      | Noticed Menkaure
  4184 | D:5      | Killed Menkaure
  4194 | D:5      | Noticed Blork the orc
  4198 | D:5      | Killed Blork the orc
  4199 | D:5      | Reached skill level 13 in Stealth
  4420 | D:4      | Found a basalt altar of Yredelemnul.
  4616 | D:4      | Reached XP level 9. HP: 51/51 MP: 9/9
  4901 | D:5      | Noticed Duvessa
  4901 | D:5      | Noticed Dowan
  4904 | D:5      | Killed Dowan
  4914 | D:5      | Killed Duvessa
  4915 | D:5      | Reached skill level 14 in Stealth
  5745 | D:6      | Found Muemiukh's Antique Weapon Emporium.
  5948 | D:6      | Found the +6 shillelagh "Devastator" {shatter}
  5976 | D:6      | Reached skill level 15 in Stealth
  6445 | D:7      | Reached XP level 10. HP: 28/56 MP: 10/10
  7191 | D:7      | Found a staircase to the Ecumenical Temple.
  7199 | Temple   | Entered the Ecumenical Temple
  7203 | Temple   | Became a worshipper of Dithmenos the Shadowed
  7293 | D:7      | Reached skill level 5 in Dodging
  7714 | D:7      | Found a stormy altar of Qazlal.
  8618 | D:8      | Found a transporter.
  8619 | D:8      | Noticed a freezing wraith
  8632 | D:8      | Found a transporter.
  8654 | D:8      | Noticed a cyclops
  8815 | D:8      | Found a glowing silver altar of Zin.
  8930 | D:8      | Reached skill level 16 in Stealth
  9127 | D:8      | Paralysed by a hornet for 2 turns
  9136 | D:8      | Paralysed by a hornet for 2 turns
  9141 | D:8      | Paralysed by a hornet for 2 turns
  9623 | D:9      | Reached * piety under Dithmenos
  9625 | D:9      | Reached skill level 5 in Fighting
  9635 | D:9      | Found a staircase to the Lair.
  9644 | D:9      | HP: 2/59 [orc priest/divine providence (9)]
  9644 | D:9      | Killed from afar by an orc priest

Illustrated notes

Levels and vault maps discovered:
D:1:      minmay_arrival_plants_in_alcoves, layout_loops_ring,
          patterned_corridor
D:2:      layout_rooms, wander_ebering_terrifying_dragon_lair
D:3:      layout_basic, cheibrodos_sewer_entry_bend, uniq_terence, uniq_jessica
D:4:      layout_basic, nicolae_sif_muna_little_library, kennysheep_little_box,
          uniq_pikel
D:5:      layout_basic, uniq_edmund, uniq_menkaure, uniq_blork_the_orc,
          uniq_duvessa
D:6:      layout_rooms, serial_shops, kennysheep_mini_moat
D:7:      layout_loops_corners, nicolae_qazlal_eye_of_the_storm,
          minmay_temple_entry_hall, minmay_manual_mares
D:8:      gammafunk_sealed_arena, layout_loops_corners,
          mainiacjoe_overflow_cross_hatched
D:9:      cheibrodos_helix_gallery, layout_basic, general_overflow_altar,
          mainiacjoe_overflow_six_doors_small, erik_lair_orcish_takeover,
          small_statue_intersection, uniq_joseph
Temple:   nicolae_temple_x_marks_the_god

Skill      XL: |  1  2  3  4  5  6  7  8  9 10 |
---------------+-------------------------------+-----
Stealth        | 6 7 8 11 13 15 16 | 16.6
Short Blades   | 3 5 7 8 |  8.9
Dodging        | 2 3 4 5 |  5.9
Fighting       | 3 5 |  5.0
Armour         | 1 2 3 |  3.5
Maces & Flails | |  0.5
Throwing       | |  2.4

Action                     |  1- 3 |  4- 6 |  7- 9 | 10-12 || total
---------------------------+-------+-------+-------+-------++-------
  Melee: Dagger            |    64 |    66 |   173 |   180 ||   483
         Punch             |     1 |     1 |     2 |     4 ||     8
         Shillelagh        |       |       |     7 |       ||     7
  Throw: Dart              |     2 |       |       |       ||     2
    Use: Scroll            |    11 |     1 |     4 |     1 ||    17
         Potion            |     1 |     4 |       |    11 ||    16
   Stab: Sleeping          |    14 |    23 |    34 |    15 ||    86
         Distracted        |     2 |       |     4 |     4 ||    10
 Armour: Robe              |     5 |     9 |       |       ||    14
         Leather armour    |       |     1 |    38 |    43 ||    82
  Dodge: Dodged            |    26 |    27 |   107 |   116 ||   276

Table legend: (Time is in decaauts)
 A = Elapsed time spent in this place.
 B = Non-inter-level travel time spent in this place.
 C = Inter-level travel time spent in this place.
 D = Time resting spent in this place.
 E = Time spent auto-exploring this place.
 F = Levels seen in this place.
 G = Mean time per level.
                   A        B        C        D        E       F      G
               +--------+--------+--------+--------+--------+-----+--------+
         Total |   9559 |   8010 |   1549 |   1671 |   4831 |  11 |  869.0 |
       Dungeon |   8848 |   7305 |   1543 |   1422 |   4746 |   9 |  983.1 |
        Temple |      8 |      2 |      6 |      0 |      0 |   1 |    8.0 |
         Sewer |    702 |    702 |      0 |    248 |     84 |   1 |  702.0 |
               +--------+--------+--------+--------+--------+-----+--------+

Top non-repeatable levels by time:
     D:8: 1742 daAuts
     D:7: 1506 daAuts
     D:1: 1143 daAuts
     D:3: 1137 daAuts
     D:4: 1021 daAuts
     D:5: 990 daAuts
   Sewer: 702 daAuts
     D:6: 682 daAuts
     D:2: 582 daAuts
     D:9: 41 daAuts
  Temple: 8 daAuts
